[Event "Titled Tuesday Blitz February 15 Early 2022"]
[White "Wartiovaara, Oliver"]
[Black "Rychagov, Andrey"]
[WhiteFideId "513024"]
[BlackFideId "4119932"]
[WhiteElo "1971"]
[BlackElo "2500"]
[Result "0-1"]
[Round "05"]
[TimeControl "180+1"]
[Date "2022.02.15"]
[WhiteClock "0:00:12"]
[BlackClock "0:00:34"]

1. e4 c5 2. Nf3 e6 3. g3 a6 4. Bg2 b5 5. d4 cxd4 6. Nxd4 Bb7 7. O-O Nf6 8. Re1 d6 9. Nc3 Qc7 10. Bg5 Be7 11. Qd2 O-O 12. a4 b4 13. Na2 h6 14. Bxf6 Bxf6 15. Nxb4 Nd7 16. Na2 Rfc8 17. Nc3 Ne5 18. Rab1 Nc4 19. Qd3 Nxb2 20. Rxb2 Qxc3 21. Qxc3 Rxc3 22. Rxb7 Bxd4 23. Re2 Rac8 24. Rd7 Rxc2 25. Bf3 Be5 26. Rxc2 Rxc2 27. Bh5 g6 28. Bf3 a5 29. Ra7 Bd4 30. Ra8+ Kg7 31. Rd8 Bxf2+ 32. Kh1 Bc5 33. Rc8 h5 34. e5 dxe5 35. Rc7 Kf6 36. Be4 Rc4 37. Bd3 Rc3 38. Bb5 Bd4 39. Be8 Rxc7 0-1


[Site "https://www.chess.com"]

[Event "Titled Tuesday Blitz February 15 Early 2022"]
[White "Weetik, Vjacheslav"]
[Black "Goltsev, Dmitry"]
[WhiteFideId "4153472"]
[BlackFideId "24176710"]
[WhiteElo "2469"]
[BlackElo "2273"]
[Result "0-1"]
[Round "05"]
[TimeControl "180+1"]
[Date "2022.02.15"]
[WhiteClock "0:00:03"]
[BlackClock "0:00:40"]

1. e4 e6 2. d4 d5 3. Nd2 c5 4. exd5 exd5 5. Ngf3 Nf6 6. Bb5+ Nc6 7. O-O a6 8. Re1+ Be6 9. Bxc6+ bxc6 10. Nb3 c4 11. Nc5 Bxc5 12. dxc5 O-O 13. Qd4 h6 14. Ne5 Qc8 15. b3 cxb3 16. axb3 Nd7 17. Bb2 Nf6 18. Re3 Re8 19. Rg3 Kf8 20. Rxg7 Kxg7 21. Nd7 Qd8 22. Nxf6 Kf8 23. Qf4 Ke7 24. Re1 Qb8 25. Be5 Qb7 26. Bc7 Rh8 27. Bd6+ Kd8 28. Nxd5 cxd5 29. Qf6+ Kd7 0-1


[Site "https://www.chess.com"]

[Event "Titled Tuesday Blitz February 15 Early 2022"]
[White "Williams, Simon K"]
[Black "Matlakov, Maxim"]
[WhiteFideId "404454"]
[BlackFideId "4168003"]
[WhiteElo "2638"]
[BlackElo "2838"]
[Result "1-0"]
[Round "05"]
[TimeControl "180+1"]
[Date "2022.02.15"]
[WhiteClock "0:00:12"]
[BlackClock "0:00:03"]

1. d4 d5 2. c4 e6 3. Nc3 Nf6 4. Nf3 Be7 5. Bg5 h6 6. Bf4 Nbd7 7. e3 c6 8. Qc2 dxc4 9. Bxc4 b5 10. Be2 Bb7 11. O-O O-O 12. Rac1 Rc8 13. Rfd1 Qb6 14. e4 c5 15. d5 exd5 16. exd5 a6 17. d6 Bd8 18. Ne5 Nxe5 19. Bxe5 Nd7 20. Bg3 Bf6 21. Nd5 Bxd5 22. Rxd5 Rcd8 23. b3 a5 24. h4 Bd4 25. h5 Nf6 26. Rf5 Rfe8 27. Bf3 Rxd6 28. Bxd6 Qxd6 29. Qd2 b4 30. Qf4 Qe6 31. g4 a4 32. g5 hxg5 33. Qxg5 axb3 34. axb3 Qxb3 35. h6 Nh7 36. Qg4 Qb2 37. Rf1 g6 38. Bd5 Kh8 39. Rxf7 Bf6 40. Qxg6 Rg8 41. Rxh7# 1-0


[Site "https://www.chess.com"]

[Event "Titled Tuesday Blitz February 15 Early 2022"]
[White "Willow, Jonah B"]
[Black "Csonka, Balazs"]
[WhiteFideId "438804"]
[BlackFideId "742910"]
[WhiteElo "2261"]
[BlackElo "2404"]
[Result "1/2-1/2"]
[Round "05"]
[TimeControl "180+1"]
[Date "2022.02.15"]
[WhiteClock "0:00:14"]
[BlackClock "0:00:03"]

1. e4 c6 2. d4 d5 3. Nc3 dxe4 4. Nxe4 Nf6 5. Nxf6+ exf6 6. c3 Bd6 7. Bd3 O-O 8. Ne2 Re8 9. O-O Nd7 10. Ng3 g6 11. Bh6 f5 12. Qd2 Bf8 13. Rfe1 Bxh6 14. Qxh6 Nf8 15. Rad1 Be6 16. b3 Qf6 17. Nh5 Qh8 18. Nf4 Bd7 19. Bc4 Qg7 20. Qh3 Qf6 21. d5 Rxe1+ 22. Rxe1 Re8 23. Rd1 Qd6 24. Qf3 c5 25. h4 h6 26. a4 Nh7 27. Bb5 Nf6 28. Bxd7 Nxd7 29. Nd3 Ne5 30. Nxe5 Rxe5 31. c4 b6 32. g3 Kg7 33. Qf4 Qe7 34. d6 Re1+ 35. Kg2 Qb7+ 36. Rd5 Re4 37. Qd2 Qd7 38. Qc3+ Kh7 39. Qf6 Re6 40. Qc3 Rxd6 41. Re5 Re6 42. Rd5 Rd6 43. Qd3 Rxd5 44. cxd5 Qd6 45. Qc4 Kg7 46. Qc3+ Qf6 47. Qd2 Qd6 48. f4 Kf6 49. Kf3 Ke7 50. Qe3+ Kd7 51. Qd3 h5 52. Qb5+ Ke7 53. Qc4 Kd7 54. Ke2 Kc7 55. Qd3 Kb7 56. Kd1 Qd7 57. Kc2 a6 58. Qc4 Qe7 59. d6 Qxd6 60. Qxf7+ Kc6 61. Qe8+ Kc7 62. Qf7+ Kc6 63. Qe8+ Kc7 64. Qa8 Qc6 65. Qf8 Qg2+ 66. Kc1 Qg1+ 67. Kc2 Qf2+ 68. Kb1 Qe1+ 69. Ka2 Qd2+ 70. Kb1 Qd1+ 71. Kb2 Qd2+ 72. Kb1 Qd1+ 73. Kb2 Qd2+ 74. Kb1 1/2-1/2


[Site "https://www.chess.com"]

[Event "Titled Tuesday Blitz February 15 Early 2022"]
[White "Winkels, Marcel"]
[Black "Steenbekkers, Franck"]
[WhiteFideId "1003887"]
[BlackFideId "1004220"]
[WhiteElo "1900"]
[BlackElo "2143"]
[Result "1/2-1/2"]
[Round "05"]
[TimeControl "180+1"]
[Date "2022.02.15"]
[WhiteClock "0:01:16"]
[BlackClock "0:01:54"]

1. e4 c5 2. Nf3 Nc6 3. g3 g6 4. Bg2 Bg7 5. O-O d6 6. d4 cxd4 7. c3 e5 8. cxd4 Nxd4 9. Nxd4 exd4 10. Nd2 Ne7 11. Nb3 Nc6 12. Bf4 O-O 13. Qd2 Be6 14. Bh6 d5 15. Bxg7 Kxg7 16. Nxd4 dxe4 17. Nxe6+ fxe6 18. Qxd8 Raxd8 19. Rad1 Nb4 20. Bxe4 Nxa2 21. Ra1 Rd4 22. Bxb7 Rb8 23. Rxa2 Rxb7 24. Rfa1 Rdb4 25. Rxa7 Rxb2 26. Kg2 h5 27. h4 Kf6 28. R1a6 Rxa7 29. Rxa7 Rc2 30. Kf3 Rb2 31. Ra6 Rb3+ 32. Kf4 Rb4+ 33. Kf3 Rb3+ 34. Ke4 Rb4+ 35. Ke3 Rb3+ 36. Ke4 Rb4+ 37. Ke3 Rb3+ 38. Ke2 1/2-1/2


[Site "https://www.chess.com"]

[Event "Titled Tuesday Blitz February 15 Early 2022"]
[White "Wong, Yinn Long"]
[Black "Agibileg, Uurtsaikh"]
[WhiteFideId "5707684"]
[BlackFideId "4901606"]
[WhiteElo "2055"]
[BlackElo "2205"]
[Result "0-1"]
[Round "05"]
[TimeControl "180+1"]
[Date "2022.02.15"]
[WhiteClock "0:00:09"]
[BlackClock "0:01:00"]

1. d4 Nf6 2. Nf3 g6 3. Bg5 Bg7 4. Nbd2 d5 5. e3 O-O 6. Be2 c5 7. c3 Nc6 8. O-O Bg4 9. a3 Ne4 10. Nxe4 dxe4 11. Nd2 Bxe2 12. Qxe2 h6 13. Bh4 Qd5 14. f3 exf3 15. Qxf3 Qxf3 16. Nxf3 e6 17. dxc5 Na5 18. Kf2 Nb3 19. Rad1 Nxc5 20. Ke2 g5 21. Bg3 Rfd8 22. Be5 Na4 23. Bxg7 Kxg7 24. Rxd8 Rxd8 25. Ne5 f6 26. Nd3 Kg6 27. c4 e5 28. b3 Nc3+ 29. Kd2 e4 30. Kxc3 Rxd3+ 31. Kc2 Rxe3 32. c5 f5 33. Rf2 f4 34. Rd2 f3 35. g4 Re1 36. Rd6+ Kf7 37. Rd5 Ke6 38. Rf5 Re2+ 39. Kc3 f2 40. b4 e3 41. b5 Re1 0-1


[Site "https://www.chess.com"]

[Event "Titled Tuesday Blitz February 15 Early 2022"]
[White "Xie, Bryan"]
[Black "Sychev, Klementy"]
[WhiteFideId "30941296"]
[BlackFideId "4114060"]
[WhiteElo "1899"]
[BlackElo "2564"]
[Result "0-1"]
[Round "05"]
[TimeControl "180+1"]
[Date "2022.02.15"]
[WhiteClock "0:00:02"]
[BlackClock "0:01:56"]

1. d4 d5 2. Nf3 Nf6 3. Bf4 Bf5 4. e3 e6 5. Nbd2 Bd6 6. Bg3 O-O 7. Nh4 Nc6 8. Be2 Bg6 9. Nxg6 hxg6 10. c3 e5 11. dxe5 Bxe5 12. Nf3 Bd6 13. Bd3 Qe7 14. Qc2 Ne5 15. Nxe5 Bxe5 16. O-O-O c6 17. Bxe5 Qxe5 18. h4 b5 19. Rdg1 c5 20. g4 c4 21. Be2 a5 22. h5 g5 23. h6 g6 24. Rg3 b4 25. Rf3 Ne4 26. Rd1 bxc3 27. bxc3 Nxc3 28. Bf1 Nxd1 29. Kxd1 Rab8 30. h7+ Kh8 31. Rxf7 Rxf7 32. Qxg6 Qa1+ 33. Ke2 Rb2+ 0-1


[Site "https://www.chess.com"]

[Event "Titled Tuesday Blitz February 15 Early 2022"]
[White "Xiong, Jeffery"]
[Black "Papasimakopoulos, Alexandros"]
[WhiteFideId "2047640"]
[BlackFideId "4244125"]
[WhiteElo "2727"]
[BlackElo "2340"]
[Result "1-0"]
[Round "05"]
[TimeControl "180+1"]
[Date "2022.02.15"]
[WhiteClock "0:00:05"]
[BlackClock "0:00:05"]

1. e4 e6 2. d4 d5 3. exd5 exd5 4. Nf3 Bg4 5. h3 Bh5 6. c4 Nf6 7. Nc3 Bb4 8. g4 Bg6 9. Bg5 O-O 10. Ne5 h6 11. Bh4 Re8 12. Qb3 Nc6 13. O-O-O Bxc3 14. bxc3 Nxe5 15. dxe5 Rxe5 16. f4 Re8 17. f5 Bh7 18. Bg2 Qd6 19. Rhf1 Re2 20. Bf3 Re3 21. Kb2 Qh2+ 22. Ka1 Qxh3 23. Qxb7 Rf8 24. Bxf6 Rxf3 25. Rh1 Qxg4 26. Rdg1 Rg3 27. Bd4 Re8 28. Qxc7 Rg2 29. Rxg2 Qxg2 30. Rg1 Qxg1+ 31. Bxg1 Bxf5 32. Bd4 dxc4 33. Qxc4 Bg6 34. Qc6 Rb8 35. a4 a5 36. Qc7 Rb1+ 37. Ka2 h5 38. Qxa5 h4 39. Qe5 f6 40. Qe6+ Kh7 41. Qh3 1-0


[Site "https://www.chess.com"]

[Event "Titled Tuesday Blitz February 15 Early 2022"]
[White "Zaichenko, Daria"]
[Black "Bashirli, Saadat"]
[WhiteFideId "4197453"]
[BlackFideId "13429990"]
[WhiteElo "2039"]
[BlackElo "1173"]
[Result "0-1"]
[Round "05"]
[TimeControl "180+1"]
[Date "2022.02.15"]
[WhiteClock "0:00:29"]
[BlackClock "0:00:54"]

1. e4 c5 2. Nf3 g6 3. d4 cxd4 4. Nxd4 Nc6 5. Nc3 Bg7 6. Nb3 Nf6 7. Be3 d6 8. Be2 O-O 9. O-O Bd7 10. f4 a5 11. a4 Nb4 12. Bf3 Bc6 13. Qe2 d5 14. Rad1 e6 15. e5 Nd7 16. Nc5 Re8 17. Nxd7 Qxd7 18. b3 Rac8 19. Ne4 Rb8 20. Nd6 Rf8 21. c4 f6 22. Bc5 Rfd8 23. Bxb4 axb4 24. cxd5 exd5 25. Bxd5+ Bxd5 26. Rxd5 fxe5 27. fxe5 Qe6 28. Qe4 Rd7 29. Rfd1 Rbd8 30. Qxb4 Bxe5 31. Rxe5 Qxe5 32. Qc4+ Kg7 33. Rf1 Qxd6 34. Kh1 Qd4 35. Qb5 Rf7 36. Rxf7+ Kxf7 37. Qxb7+ Rd7 38. Qf3+ Kg7 39. h3 Qd1+ 40. Qxd1 Rxd1+ 41. Kh2 Rb1 42. a5 Rxb3 43. a6 Ra3 44. a7 Rxa7 45. Kg3 Ra4 46. h4 Kf6 47. Kh3 h5 48. g3 Rg4 0-1


[Site "https://www.chess.com"]

[Event "Titled Tuesday Blitz February 15 Early 2022"]
[White "Zheenbekov, Nurgazy"]
[Black "Budrewicz, Krzysztof"]
[WhiteFideId "13800485"]
[BlackFideId "1127950"]
[WhiteElo "1959"]
[BlackElo "2248"]
[Result "0-1"]
[Round "05"]
[TimeControl "180+1"]
[Date "2022.02.15"]
[WhiteClock "0:00:02"]
[BlackClock "0:00:19"]

1. e4 g6 2. d4 Bg7 3. Nc3 d6 4. Bc4 c6 5. a4 Nf6 6. Bb3 O-O 7. Nf3 Bg4 8. h3 Bxf3 9. Qxf3 Nbd7 10. O-O e5 11. dxe5 dxe5 12. Be3 Qe7 13. g4 Nc5 14. Bc4 Ne6 15. Rfd1 Nd7 16. Ne2 Nb6 17. Bb3 Nc5 18. Bxc5 Qxc5 19. a5 Nc8 20. Rd7 Ne7 21. Rad1 b5 22. Rc7 Rac8 23. Rxc8 Nxc8 24. Rd7 Nd6 25. Qd3 Nc4 26. Bxc4 bxc4 27. Qc3 Rb8 28. b3 Bf8 29. Qf3 Be7 30. bxc4 Rd8 31. Rb7 Kf8 32. Kg2 a6 33. Nc1 Qxa5 34. Nd3 Qc3 35. Qe3 Qd4 36. Qh6+ Ke8 37. Qg7 Qxc4 38. Qh8+ Bf8 39. Qxe5+ Qe6 40. Qxe6+ fxe6 41. Ne5 Ra8 42. Nxc6 a5 43. Rb2 a4 44. Ra2 a3 45. c4 Ra4 46. Nd4 Rxc4 47. Nxe6 Be7 48. f4 Rxe4 49. f5 gxf5 50. gxf5 Re5 51. Nd4 Rd5 52. Nc6 Bc5 53. Kf3 Rxf5+ 54. Ke4 Rh5 55. Nd4 Rh4+ 56. Kd5 Bxd4 57. Rxa3 Bf6 58. Ra8+ Kf7 59. Ra7+ Kg6 0-1


[Site "https://www.chess.com"]

[Event "Titled Tuesday Blitz February 15 Early 2022"]
[White "Aaditya Dhingra"]
[Black "Murthy, Pappu"]
[WhiteFideId "25678191"]
[BlackFideId "2013401"]
[WhiteElo "1789"]
[BlackElo "1937"]
[Result "1-0"]
[Round "06"]
[TimeControl "180+1"]
[Date "2022.02.15"]
[WhiteClock "0:00:53"]
[BlackClock "0:00:01"]

1. e4 c5 2. Nf3 d6 3. d4 cxd4 4. Nxd4 Nf6 5. f3 g6 6. c4 Bg7 7. Nc3 O-O 8. Be3 Nc6 9. Be2 Bd7 10. Qd2 Nxd4 11. Bxd4 Bc6 12. O-O-O a5 13. g4 a4 14. a3 Qa5 15. h4 h5 16. gxh5 Nxh5 17. Rdg1 Bxd4 18. Qxd4 Qe5 19. Qf2 Nf4 20. h5 Nxh5 21. Kb1 Ra5 22. Ka1 Kg7 23. f4 Qxf4 24. Qd4+ Nf6 25. Rf1 Qe5 26. Qe3 Rh8 27. Rxh8 Kxh8 28. Qh6+ Kg8 29. Rh1 Nh5 30. Bxh5 1-0


[Site "https://www.chess.com"]

[Event "Titled Tuesday Blitz February 15 Early 2022"]
[White "Abramov, Alexander"]
[Black "Golubenko, Valentina"]
[WhiteFideId "4174089"]
[BlackFideId "4501993"]
[WhiteElo "2102"]
[BlackElo "2164"]
[Result "0-1"]
[Round "06"]
[TimeControl "180+1"]
[Date "2022.02.15"]
[WhiteClock "0:00:01"]
[BlackClock "0:00:09"]

1. e4 e6 2. d4 d5 3. exd5 exd5 4. c4 Nf6 5. Nf3 Bb4+ 6. Nc3 O-O 7. Be2 dxc4 8. O-O Be6 9. Qa4 Bxc3 10. bxc3 c6 11. Qc2 b5 12. a4 Nbd7 13. Bg5 Qc7 14. Rfe1 Rab8 15. Qc1 Nd5 16. Nd2 N7f6 17. Bf3 a6 18. Ne4 Nxe4 19. Bxe4 b4 20. Bxd5 Bxd5 21. Bf4 Qd7 22. Bxb8 Rxb8 23. Qf4 Qb7 24. cxb4 Qxb4 25. h4 c3 26. h5 h6 27. Qf5 Qxd4 28. Rab1 Rf8 29. Qe5 Qxe5 30. Rxe5 c2 31. Rc1 Bb3 32. Re3 Rb8 33. Rxb3 Rxb3 34. Rxc2 Ra3 35. Rxc6 Rxa4 36. g3 Ra5 37. Kg2 Kf8 38. Kf3 Ke7 39. g4 Kd7 40. Rb6 Kc7 41. Rb2 Ra3+ 42. Kg2 a5 43. f4 a4 44. g5 hxg5 45. fxg5 Kd7 46. Re2 Rc3 47. h6 gxh6 48. gxh6 Rc6 49. Re4 a3 50. Ra4 Rc2+ 51. Kg3 Rc6 52. h7 Rh6 0-1


[Site "https://www.chess.com"]

[Event "Titled Tuesday Blitz February 15 Early 2022"]
[White "Agasarov, Benik"]
[Black "Hamley, Ryan"]
[WhiteFideId "13314823"]
[BlackFideId "30959497"]
[WhiteElo "2594"]
[BlackElo "2393"]
[Result "1-0"]
[Round "06"]
[TimeControl "180+1"]
[Date "2022.02.15"]
[WhiteClock "0:00:21"]
[BlackClock "0:00:03"]

1. d4 Nf6 2. Nf3 e6 3. c4 d5 4. Nc3 c6 5. Bg5 Nbd7 6. e3 Qa5 7. Nd2 Bb4 8. Qc2 dxc4 9. Bxf6 Nxf6 10. Nxc4 Qc7 11. a3 Be7 12. Be2 O-O 13. O-O Bd7 14. Bf3 c5 15. dxc5 Qxc5 16. Nd2 Bc6 17. b4 Qb6 18. Na4 Bxa4 19. Qxa4 Rac8 20. Nb3 h6 21. Na5 Nd5 22. Bxd5 exd5 23. Rfd1 Bf6 24. Rab1 d4 25. e4 Rfe8 26. Nc4 Qe6 27. Nd2 Bg5 28. Nf3 Qxe4 29. Re1 Qc6 30. Qxc6 Rxe1+ 31. Rxe1 Rxc6 32. Nxd4 Rc3 33. Nb5 Rb3 34. Nxa7 Rxa3 35. Nc8 Rb3 36. h4 Bxh4 37. g3 Bf6 38. Re4 Bc3 39. Ne7+ Kh7 40. Nd5 Ba1 41. Re7 Rd3 42. Nf4 Rd1+ 43. Kg2 Rb1 44. Rxb7 Bd4 45. b5 Rb2 46. Rxf7 Rxf2+ 47. Kh3 Kg8 48. Rd7 Be3 49. Ne6 Rf7 50. Rd8+ Kh7 51. Nf8+ Kg8 52. Nd7+ Kh7 53. b6 Bxb6 54. Nxb6 g5 55. Nd7 h5 56. Ne5 Rf5 57. Rd7+ Kg8 58. Ng6 Rc5 59. Ne7+ Kg7 60. Nd5+ Kg6 61. Rd6+ Kf7 62. Rf6+ Kg7 63. Rf5 h4 64. Rxg5+ Kh6 65. gxh4 Rc4 66. Ne3 Rc3 67. Rg3 Kh7 68. Ng4 Ra3 69. h5 Ra5 70. Kh4 Rb5 71. Nf6+ Kh8 72. Rg8# 1-0


[Site "https://www.chess.com"]

[Event "Titled Tuesday Blitz February 15 Early 2022"]
[White "Alavi, Sayed Javad"]
[Black "Kraus, Tomas"]
[WhiteFideId "12500607"]
[BlackFideId "331708"]
[WhiteElo "2475"]
[BlackElo "2389"]
[Result "1-0"]
[Round "06"]
[TimeControl "180+1"]
[Date "2022.02.15"]
[WhiteClock "0:01:25"]
[BlackClock "0:01:33"]

1. Nf3 d5 2. d4 Nf6 3. c4 e6 4. e3 dxc4 5. Bxc4 a6 6. O-O b5 7. Bb3 Bb7 8. a4 b4 9. a5 Nbd7 10. Ba4 Be7 11. Ne5 O-O 12. Nc6 Qe8 13. Qc2 Bd8 14. Bd2 Bxc6 15. Bxc6 Rb8 16. Qc4 Nd5 17. e4 Ne7 18. Ba4 b3 19. Qxa6 Nc8 20. e5 Be7 21. Qc6 1-0


[Site "https://www.chess.com"]

[Event "Titled Tuesday Blitz February 15 Early 2022"]
[White "Altucher, James"]
[Black "Zaichenko, Daria"]
[WhiteFideId "30987458"]
[BlackFideId "4197453"]
[WhiteElo "2169"]
[BlackElo "2039"]
[Result "1-0"]
[Round "06"]
[TimeControl "180+1"]
[Date "2022.02.15"]
[WhiteClock "0:00:03"]
[BlackClock "0:00:01"]

1. e4 c5 2. Nf3 Nc6 3. d3 d6 4. g3 e5 5. Bg2 g6 6. O-O Bg7 7. c3 f5 8. a3 Nf6 9. b4 O-O 10. b5 Ne7 11. Ng5 h6 12. Qb3+ Kh8 13. Nf7+ Rxf7 14. Qxf7 Bd7 15. Bxh6 Bxh6 16. Qxf6+ Bg7 17. Qxd6 Bxb5 18. Qxc5 a6 19. a4 Bxd3 20. Rd1 Rc8 21. Qe3 fxe4 22. Bxe4 Nf5 23. Bxf5 gxf5 24. Rxd3 Qf6 25. Na3 Bh6 26. Qe2 e4 27. Rd7 Rxc3 28. Qh5 Rd3 29. Qe8+ Bf8 30. Rd1 Rxd7 31. Rxd7 Kg8 32. Nc4 f4 33. gxf4 Qf5 34. Ne5 e3 35. Rf7 exf2+ 36. Kg2 Qh3+ 37. Kxh3 f1=Q+ 38. Kh4 Qf2+ 39. Kg5 Qg2+ 40. Kf5 Qh3+ 41. Kf6 Qh6+ 42. Ng6 b5 43. Rxf8+ Kh7 44. Rh8# 1-0


[Site "https://www.chess.com"]

[Event "Titled Tuesday Blitz February 15 Early 2022"]
[White "Ambartsumova, Karina"]
[Black "Demin, Vladimir"]
[WhiteFideId "4166299"]
[BlackFideId "4167457"]
[WhiteElo "2262"]
[BlackElo "2478"]
[Result "0-1"]
[Round "06"]
[TimeControl "180+1"]
[Date "2022.02.15"]
[WhiteClock "0:00:04"]
[BlackClock "0:00:15"]

1. d4 Nf6 2. Nf3 d5 3. c4 c6 4. g3 e6 5. Bg2 Bb4+ 6. Nc3 O-O 7. O-O Nbd7 8. Qd3 b6 9. a3 Bxc3 10. Qxc3 Ba6 11. b3 Rc8 12. Bf4 c5 13. dxc5 dxc4 14. bxc4 Rxc5 15. Bd6 Rxc4 16. Qb2 Re8 17. Rfd1 Qc8 18. Rac1 Ne4 19. Rxc4 Qxc4 20. Rd4 Qc3 21. Qb1 Nxd6 22. Rxd6 Nf6 23. e3 Rc8 24. h3 Qc1+ 25. Qxc1 Rxc1+ 26. Kh2 Rc8 27. Nd4 Kf8 28. Nc6 Ne8 29. Rd4 Rc7 30. Rd8 Bb5 31. Nd4 Ba4 32. Ra8 Ke7 33. h4 Nd6 34. g4 e5 35. Nf3 f6 36. Kg3 Bc6 37. Nd2 Bxa8 38. Bxa8 Rc2 39. Nb3 Rc3 40. Nd2 Rxa3 41. Bd5 Rd3 0-1


[Site "https://www.chess.com"]

[Event "Titled Tuesday Blitz February 15 Early 2022"]
[White "Annaberdiyev, Babageldi"]
[Black "Balint, Vilmos"]
[WhiteFideId "14000385"]
[BlackFideId "718050"]
[WhiteElo "2332"]
[BlackElo "2059"]
[Result "1-0"]
[Round "06"]
[TimeControl "180+1"]
[Date "2022.02.15"]
[WhiteClock "0:01:48"]
[BlackClock "0:01:53"]

1. e4 e6 2. d4 d5 3. e5 c5 4. c3 Qb6 5. Nf3 Bd7 6. Be2 Bb5 7. Bxb5+ Qxb5 8. Na3 Qa6 9. Nc2 Nc6 10. a4 Rc8 11. dxc5 Qc4 12. Be3 Qe4 13. O-O Nxe5 14. Nxe5 Qxe5 15. Bd4 Qg5 16. b4 Nf6 17. f4 Qg4 18. Qd3 Be7 19. Qb5+ Nd7 20. Qxb7 Rb8 21. Qxa7 e5 22. fxe5 O-O 23. c6 Ra8 24. Qxd7 1-0


[Site "https://www.chess.com"]

[Event "Titled Tuesday Blitz February 15 Early 2022"]
[White "Arabidze, Meri"]
[Black "Sviridov, Valery"]
[WhiteFideId "13604040"]
[BlackFideId "4120680"]
[WhiteElo "2329"]
[BlackElo "2454"]
[Result "0-1"]
[Round "06"]
[TimeControl "180+1"]
[Date "2022.02.15"]
[WhiteClock "0:00:01"]
[BlackClock "0:00:19"]

1. d4 g6 2. Nf3 Bg7 3. g3 d6 4. Bg2 Nf6 5. O-O O-O 6. a4 Nbd7 7. a5 Rb8 8. Nc3 b5 9. axb6 axb6 10. d5 Bb7 11. Nd4 Ra8 12. Rxa8 Qxa8 13. Nc6 Bxc6 14. dxc6 Ne5 15. Nb5 Nxc6 16. Nxc7 Qc8 17. Nb5 Nd7 18. c3 Na5 19. Na3 Ne5 20. Bg5 Re8 21. h4 h6 22. Bf4 Nac4 23. Nxc4 Nxc4 24. Qc1 h5 25. Bg5 Qc5 26. b3 Ne5 27. c4 Ng4 28. Bf3 Ne5 29. Bg2 b5 30. cxb5 Qxb5 31. Qc2 Qb6 32. Be3 Qb4 33. Bd2 Qb5 34. Bg5 Kf8 35. Rb1 Qb6 36. Be3 Qb4 37. Bd2 Qb5 38. Bg5 Rb8 39. Qc7 Bf6 40. Bxf6 exf6 41. Qxd6+ Kg7 42. b4 Rb6 43. Qc7 Re6 44. e3 Ng4 45. Qc2 Re7 46. Bf1 Qb8 47. b5 Rc7 48. Qe2 Rb7 49. Qf3 Rb6 50. Qd5 Rd6 51. Qf3 Rd2 52. Be2 Ne5 53. Qe4 Rxe2 54. b6 Rd2 55. b7 Rd7 56. f4 Ng4 57. Qc6 Rd8 58. Rb2 Qa7 59. Qb6 Qxb6 60. Rxb6 Rb8 61. e4 Ne3 62. Kf2 Nc4 63. Rb4 Nd6 64. Rb6 Nxe4+ 65. Kf3 Nc5 66. Rb5 Ne6 67. Rb6 Nd8 68. f5 Rxb7 69. Rd6 Rb8 70. fxg6 fxg6 71. g4 hxg4+ 72. Kxg4 Rb4+ 73. Kg3 Nf7 74. Rd7 Rb3+ 75. Kg4 Rb4+ 76. Kg3 Kf8 77. Kh3 Ne5 78. Rh7 Rb3+ 79. Kg2 Kg8 80. Re7 Nf3 81. Kg3 Ne5+ 82. Kf4 Rb4+ 83. Kg3 Rg4+ 84. Kh3 Re4 85. Ra7 f5 86. Rb7 Nf3 87. Kg3 Nxh4 0-1


[Site "https://www.chess.com"]

[Event "Titled Tuesday Blitz February 15 Early 2022"]
[White "Aradhya, Garg"]
[Black "Eynullayev, Atilla"]
[WhiteFideId "25006746"]
[BlackFideId "13413570"]
[WhiteElo "2169"]
[BlackElo "1979"]
[Result "1-0"]
[Round "06"]
[TimeControl "180+1"]
[Date "2022.02.15"]
[WhiteClock "0:00:49"]
[BlackClock "0:00:23"]

1. d4 Nf6 2. c4 e6 3. Nf3 d5 4. e3 b6 5. Bd3 Bb7 6. O-O Nbd7 7. Nc3 Bd6 8. b3 O-O 9. Bb2 Ne4 10. Rc1 a6 11. Qc2 f5 12. Ne2 Qe7 13. a3 Rac8 14. b4 c5 15. dxc5 bxc5 16. bxc5 Ndxc5 17. Ned4 Nxd3 18. Qxd3 dxc4 19. Rxc4 Rxc4 20. Qxc4 Bd5 21. Qxa6 g5 22. Nc6 Qc7 23. Nfe5 Nc5 24. Qb5 Bxc6 25. Nxc6 Bxh2+ 26. Kh1 Be5 27. Bxe5 Qxe5 28. Nxe5 1-0


[Site "https://www.chess.com"]

[Event "Titled Tuesday Blitz February 15 Early 2022"]
[White "Ardila, Oscar Humberto"]
[Black "Kornyukov, Alexey"]
[WhiteFideId "4404742"]
[BlackFideId "4150457"]
[WhiteElo "1898"]
[BlackElo "2303"]
[Result "1-0"]
[Round "06"]
[TimeControl "180+1"]
[Date "2022.02.15"]
[WhiteClock "0:00:16"]
[BlackClock "0:00:29"]

1. d4 d5 2. c4 e6 3. cxd5 exd5 4. Nc3 Be7 5. Nf3 Nf6 6. Bg5 O-O 7. e3 Bg4 8. Be2 c5 9. dxc5 Nc6 10. O-O Be6 11. Nd4 Bxc5 12. Nxe6 fxe6 13. Rc1 Bd6 14. Nb5 h6 15. Nxd6 Qxd6 16. Bf4 e5 17. Bg3 Ne4 18. Bf3 Nxg3 19. Bxd5+ Kh8 20. hxg3 Qb4 21. Bxc6 bxc6 22. b3 Qb6 23. Qd6 Rac8 24. Qxe5 Qa6 25. Rc2 Qd3 26. Qc3 Qd6 27. Qc5 Qd7 28. Rfc1 Rf6 29. Qd4 Qf7 30. Qg4 Rf8 31. Rf1 Qd5 32. Qe2 Qd7 33. Rc4 Qc7 34. Rf4 Rxf4 35. gxf4 Qb6 36. Rc1 Rf6 37. Qc4 Qb7 38. Qc5 Qd7 39. Qc2 Rd6 40. Qc5 Rg6 41. Qf8+ Kh7 42. f5 Rf6 43. Qc5 Qd2 44. Qc2 Qd5 45. e4 Qe5 46. Qc4 Qe7 47. Rf1 Rd6 48. Qc2 Qd7 49. e5 Rd2 50. Qe4 Rd4 51. Qb1 Kh8 52. f6 gxf6 53. exf6 Rd6 54. Qg6 Qh7 55. Qe8+ Qg8 56. f7 Rg6 57. fxg8=Q+ Rxg8 58. Qxg8+ Kxg8 59. Rd1 Kf7 60. Rd7+ Kf6 61. Rxa7 Kf5 62. Rc7 Ke4 63. Rxc6 Kd3 64. Rc4 Ke2 65. a4 Kd2 66. a5 Kd3 67. a6 1-0


[Site "https://www.chess.com"]

[Event "Titled Tuesday Blitz February 15 Early 2022"]
[White "Arngrimsson, Dagur"]
[Black "Winkels, Marcel"]
[WhiteFideId "2301288"]
[BlackFideId "1003887"]
[WhiteElo "2286"]
[BlackElo "1900"]
[Result "1-0"]
[Round "06"]
[TimeControl "180+1"]
[Date "2022.02.15"]
[WhiteClock "0:00:03"]
[BlackClock "0:00:46"]

1. e4 g6 2. d4 Bg7 3. Be3 c6 4. Qd2 d5 5. Nc3 h5 6. O-O-O dxe4 7. Nxe4 Nd7 8. Bc4 Ngf6 9. Bxf7+ Kxf7 10. Ng5+ Kg8 11. N1f3 Nf8 12. Qd3 Bf5 13. Qb3+ Qd5 14. c4 Qd7 15. h3 Ne4 16. g4 hxg4 17. hxg4 Rxh1 18. Rxh1 Nxg5 19. Nxg5 Bxg4 20. Rh4 Bf5 21. Qd1 Rd8 22. Qh1 b5 23. cxb5 cxb5 24. Kd2 Rc8 25. Ke2 Rc2+ 26. Kd1 Ne6 27. Rh8+ Bxh8 28. Qh7+ Kf8 29. Qf7# 1-0


[Site "https://www.chess.com"]

[Event "Titled Tuesday Blitz February 15 Early 2022"]
[White "Baches Garcia, Guillermo"]
[Black "Stanisz, Patryk"]
[WhiteFideId "2209764"]
[BlackFideId "1123106"]
[WhiteElo "2453"]
[BlackElo "1876"]
[Result "1-0"]
[Round "06"]
[TimeControl "180+1"]
[Date "2022.02.15"]
[WhiteClock "0:00:29"]
[BlackClock "0:00:09"]

1. e4 c5 2. Nf3 Nc6 3. d4 cxd4 4. Nxd4 Nf6 5. Nc3 e5 6. Ndb5 d6 7. Bg5 a6 8. Na3 b5 9. Nd5 Qa5+ 10. Bd2 Qd8 11. Bg5 Qa5+ 12. Bd2 Qd8 13. Nxf6+ Qxf6 14. Bd3 Be7 15. O-O Qg6 16. c3 b4 17. cxb4 Nd4 18. Kh1 O-O 19. Nc2 Nxc2 20. Qxc2 Kh8 21. a4 Be6 22. b5 axb5 23. axb5 Rxa1 24. Rxa1 Rc8 25. Bc3 Qh5 26. b6 d5 27. b7 Rb8 28. Ra8 Bd6 29. Bb4 Bc7 30. Rxb8+ Bxb8 31. Qc8+ 1-0


[Site "https://www.chess.com"]